AoeStats
← MeowMe

Nomad

505849888Analyzed
3v3 RM · 20d ago on Sep 11, 2026· 44m 9s· 6 players
Game mode
Random Map
Map size
210×210
Population
200
Speed
Normal
Resources
Standard
Victory
Conquest
Starting age
Dark Age
Ending age
Imperial Age
RankedLock teamsTeams togetherTeam positionsShared explorationLock speedFull tech treeHidden civsTurbo modeCheats
Victory
Defeat
🇧🇾 Georgians · Belarus
1476
+14
🇬🇪 Armenians · Georgia
1407
+17
🇷🇺 Koreans · Russia
1402
+17
🇪🇸 Romans · Spain
1476
-17
🇻🇳 Mongols · Vietnam
1461
-17
🇪🇸 Bengalis · Spain
1375
-14
dardo
4:40 Loom
14:28 Feudal Age
23:33 Castle Age
GipsyDanger
10:32 Loom
12:42 Feudal Age
13:51 Double-Bit Axe
16:12 Fishing Lines
16:58 Horse Collar
21:26 Castle Age
19:22 Fletching
21:10 Gold Mining
aKetbuscugioi
14:06 Feudal Age
14:06 Loom
17:57 Castle Age
16:35 Fishing Lines
16:41 Double-Bit Axe
20:40 Wheelbarrow
20:32 Fletching
21:11 Padded Archer Armor
21:08 Bodkin Arrow
23:29 Bow Saw
26:12 Padded Archer Armor
SiraZaika
3:35 Loom
13:22 Feudal Age
14:43 Town Watch
15:55 Fletching
26:59 Forging
33:01 Castle Age
33:04 Gold Mining
33:56 Medium Warships
35:53 Bodkin Arrow
37:14 Scale Mail Armor
37:50 Iron Casting
45:00 Imperial Age
44:01 Fishing Lines
44:45 Ballistics
MeowMe
7:46 Loom
15:04 Feudal Age
16:02 Town Watch
18:56 Castle Age
18:12 Double-Bit Axe
19:59 Town Patrol
20:34 Wheelbarrow
19:52 Horse Collar
21:32 Bow Saw
26:52 Padded Archer Armor
27:21 Fletching
28:56 Bodkin Arrow
29:22 Leather Archer Armor
30:29 Ballistics
37:51 Forging
41:52 Imperial Age
39:37 Hand Cart
42:03 Spies/Treason
43:07 Conscription
42:08 Elite Composite Bowman
OLADUSHEK
4:59 Loom
12:22 Feudal Age
12:56 Town Watch
15:59 Castle Age
13:55 Double-Bit Axe
16:56 Bow Saw
24:27 Scale Barding Armor
25:27 Husbandry
26:47 Chain Barding Armor
27:31 Bloodlines
29:11 Forging
29:53 Gold Mining
30:44 Medium Warships
33:06 Iron Casting
35:07 Wheelbarrow
37:41 Clinker Construction
44:23 Imperial Age
Connection lost

Rejoining the realm…

Still unreachable

The connection could not be restored.

Session expired

The server has moved on; the page needs a fresh start.